 Seeded DCSS version 0.23.2 (webtiles) character file.

Game seed: 97667173627

234 Kranky the Magician (level 6, -4/44 HPs)
             Began as a Gnoll Wizard on Oct 13, 2019.
             Killed by divine providence
             ... invoked by an orc priest
              (15 damage)
             ... on level 4 of the Dungeon.
             The game lasted 00:15:39 (3417 turns).

Kranky the Magician (Gnoll Wizard)                  Turns: 3417, Time: 00:15:39

Health: -4/44      AC:  9    Str: 11    XL:     6   Next: 5%
Magic:  9/16       EV: 12    Int: 20    God:
Gold:   159        SH:  0    Dex: 14    Spells: 8/19 levels left

rFire    . . .     SeeInvis .   o - +2 short sword (drain)
rCold    . . .     Gourm    .   (no shield)
rNeg     . . .     Faith    .   u - +2 ring mail {rPois}
rPois    +         Spirit   .   b - +0 hat
rElec    .         Reflect  .   (no cloak)
rCorr    .         Harm     .   s - +0 pair of gloves
MR       .....                  h - +0 pair of boots (curse)
Stlth    ++........             (no amulet)
HPRegen  0.14/turn              (no ring)
MPRegen  0.15/turn              (no ring)

@: no status effects
A: distributed training, fangs 1, strong nose
a: no special abilities


You were on level 4 of the Dungeon.
You were hungry.

You visited 1 branch of the dungeon, and saw 4 of its levels.

You collected 159 gold pieces.

Inventory:

Hand Weapons
 o - a +2 short sword of draining (weapon)
 t - a +0 hunting sling
Missiles
 g - 46 sling bullets
 j - 28 poisoned needles
Armour
 b - a +0 hat (worn)
 h - a cursed +0 pair of boots (worn)
 s - a +0 pair of gloves (worn)
 u - a +2 ring mail of poison resistance (worn)
 v - a +2 ring mail of cold resistance
Jewellery
 q - an uncursed ring of protection from fire {unknown}
Wands
 a - a wand of clouds (6)
Scrolls
 c - 4 scrolls of noise {unknown}
 e - 2 scrolls of fear {unknown}
 i - a scroll of enchant armour {unknown}
 l - a scroll of immolation {unknown}
 m - 4 scrolls of enchant weapon {unknown}
 n - 3 scrolls of teleportation {unknown}
 r - 4 scrolls of identify {unknown}
Potions
 f - a potion of haste {unknown}
 k - a potion of heal wounds {unknown}
Comestibles
 d - 3 rations


   Skills:
 + Level 1.7 Fighting
 + Level 1.7 Short Blades
 + Level 1.7 Long Blades
 + Level 1.7 Axes
 + Level 1.7 Maces & Flails
 + Level 1.7 Polearms
 + Level 1.7 Staves
 + Level 1.7 Slings
 + Level 1.7 Bows
 + Level 1.7 Crossbows
 + Level 1.7 Throwing
 + Level 1.7 Armour
 + Level 4.9 Dodging
 + Level 4.5 Stealth
 + Level 1.7 Shields
 + Level 1.7 Unarmed Combat
 + Level 7.3 Spellcasting
 + Level 2.5 Conjurations
 + Level 1.3 Hexes
 + Level 1.3 Charms
 + Level 2.5 Summonings
 + Level 1.3 Necromancy
 + Level 2.5 Translocations
 + Level 1.3 Transmutations
 + Level 1.3 Fire Magic
 + Level 1.3 Ice Magic
 + Level 1.3 Air Magic
 + Level 1.3 Earth Magic
 + Level 1.3 Poison Magic
 + Level 1.9 Invocations
 + Level 1.7 Evocations


You had 8 spell levels left.
You knew the following spells:

 Your Spells              Type           Power        Failure   Level  Hunger
a - Magic Dart            Conj           ###.         8%          1    None
b - Mephitic Cloud        Conj/Pois/Air  ##......     30%         3    #......
c - Conjure Flame         Conj/Fire      ###.....     28%         3    #......
d - Call Imp              Summ           ###.....     12%         2    None
e - Blink                 Tloc           N/A          12%         2    None

Your spell library contained the following spells:

 Spells                   Type           Power        Failure   Level  Hunger
 Slow                     Hex            ##......     19%         2    None


Dungeon Overview and Level Annotations

Branches:
Dungeon (4/15)
 Temple: D:4-7

Altars:


Innate Abilities, Weirdness & Mutations

Your experience applies equally to all skills.
You have very sharp teeth.
Your uncanny sense of smell can sniff out nearby items.


Message History

You feel stronger. The orc barely misses you.
Your ring mail prevents you from hitting the orc.
The orc barely misses you.
You barely miss the orc. The orc hits you but does no damage.
You hit the orc but do no damage.
The orc priest mumbles some strange prayers to Beogh against you.
Beogh smites you! The orc hits you with a +0 dagger.
* * * LOW HITPOINT WARNING * * *
You puncture the orc! Your bite misses the orc.
The orc is almost dead.
The orc completely misses you.
You closely miss the orc.
The orc is almost dead.
The orc hits you but does no damage.
You hit the orc.
You kill the orc!
The orc priest invokes the aid of Beogh against you.
Beogh smites you!
You die...

##.#.####### #..........#
.###..#.#####.#
...........#...
#.###..#.##.#.#.
###.###..#.##...#. #####
?^.........##.####
o..)..#########..####...#.
#..o)@5......######.#.
###########...........
############


You could see an orc priest and a friendly shadow imp.

Vanquished Creatures
  An ogre (D:3)
  An orc priest (D:4)
  2 adders (D:2)
  2 oozes
  3 worms
  3 dart slugs
  4 leopard geckos
  8 orcs
  3 giant cockroaches
  7 hobgoblins
  7 jackals (D:1)
  8 kobolds
  A quokka (D:2)
  A ball python (D:1)
  4 bats
  10 frilled lizards
  7 goblins
  8 rats
80 creatures vanquished.

Notes
Turn   | Place    | Note
-------+----------+-------------------------------------------
     0 | D:1      | Kranky the Gnoll Wizard began the quest for the Orb.
     0 | D:1      | Reached XP level 1. HP: 13/13 MP: 8/8
   221 | D:1      | Reached XP level 2. HP: 19/19 MP: 7/10
   548 | D:1      | Reached XP level 3. HP: 13/25 MP: 6/11
  1231 | D:2      | Reached skill level 1 in Invocations
  1600 | D:2      | Reached skill level 1 in Fighting
  1600 | D:2      | Reached skill level 1 in Short Blades
  1600 | D:2      | Reached skill level 1 in Long Blades
  1600 | D:2      | Reached skill level 1 in Axes
  1600 | D:2      | Reached skill level 1 in Maces & Flails
  1600 | D:2      | Reached skill level 1 in Polearms
  1600 | D:2      | Reached skill level 1 in Staves
  1600 | D:2      | Reached skill level 1 in Slings
  1600 | D:2      | Reached skill level 1 in Bows
  1600 | D:2      | Reached skill level 1 in Crossbows
  1600 | D:2      | Reached skill level 1 in Throwing
  1600 | D:2      | Reached skill level 1 in Armour
  1600 | D:2      | Reached skill level 1 in Shields
  1600 | D:2      | Reached skill level 1 in Unarmed Combat
  1600 | D:2      | Reached skill level 1 in Evocations
  1653 | D:2      | Reached XP level 4. HP: 32/32 MP: 7/13
  2391 | D:3      | Reached skill level 1 in Hexes
  2391 | D:3      | Reached skill level 1 in Charms
  2391 | D:3      | Reached skill level 1 in Necromancy
  2391 | D:3      | Reached skill level 1 in Transmutations
  2391 | D:3      | Reached skill level 1 in Fire Magic
  2391 | D:3      | Reached skill level 1 in Ice Magic
  2391 | D:3      | Reached skill level 1 in Air Magic
  2391 | D:3      | Reached skill level 1 in Earth Magic
  2391 | D:3      | Reached skill level 1 in Poison Magic
  2521 | D:3      | Learned a level 3 spell: Mephitic Cloud
  2528 | D:3      | Learned a level 3 spell: Conjure Flame
  2531 | D:3      | Learned a level 2 spell: Call Imp
  2534 | D:3      | Learned a level 2 spell: Blink
  2623 | D:3      | Reached XP level 5. HP: 37/37 MP: 11/14
  3054 | D:3      | Noticed an ogre
  3067 | D:3      | Killed an ogre
  3411 | D:4      | Reached XP level 6. HP: 25/44 MP: 8/16
  3417 | D:4      | Killed from afar by an orc priest

Skill      XL: |  1  2  3  4 |
---------------+-------------+-----
Conjurations   | 2 |  2.5
Summonings     | 2 |  2.5
Translocations | 2 |  2.5
Invocations    | 1 |  1.9
Fighting       | 1 |  1.7
Short Blades   | 1 |  1.7
Long Blades    | 1 |  1.7
Axes           | 1 |  1.7
Maces & Flails | 1 |  1.7
Polearms       | 1 |  1.7
Staves         | 1 |  1.7
Slings         | 1 |  1.7
Bows           | 1 |  1.7
Crossbows      | 1 |  1.7
Throwing       | 1 |  1.7
Armour         | 1 |  1.7
Shields        | 1 |  1.7
Unarmed Combat | 1 |  1.7
Evocations     | 1 |  1.7
Hexes          | 1 |  1.3
Charms         | 1 |  1.3
Necromancy     | 1 |  1.3
Transmutations | 1 |  1.3
Fire Magic     | 1 |  1.3
Ice Magic      | 1 |  1.3
Air Magic      | 1 |  1.3
Earth Magic    | 1 |  1.3
Poison Magic   | 1 |  1.3
Dodging        | |  4.9
Stealth        | |  4.5
Spellcasting   | |  7.3

Action                   |  1- 3 |  4- 6 || total
-------------------------+-------+-------++-------
Melee: Unarmed           |    22 |       ||    22
       Bite              |     4 |     3 ||     7
       Dagger            |     8 |       ||     8
       Short sword       |     1 |    50 ||    51
 Cast: Magic Dart        |    92 |    62 ||   154
       Mephitic Cloud    |       |     3 ||     3
       Call Imp          |       |     3 ||     3
       Conjure Flame     |       |     1 ||     1
       Blink             |       |     1 ||     1
 Stab: Sleeping          |     1 |     3 ||     4
       Confused          |       |     1 ||     1
  Eat: Chunk             |     2 |     5 ||     7
Armor: Robe              |     6 |     7 ||    13
       Ring mail         |       |     4 ||     4
Dodge: Dodged            |    54 |    27 ||    81
